 Dungeon Crawl Stone Soup version 0.29-a0-333-gb4c28e87c6 (webtiles) character file.

Game seed: 15609150858246632605

509 Jortsu the Chopper (level 6, 0/48 HPs)
             Began as a Demonspawn Fighter on Apr 13, 2022.
             Was a Plaything of Xom.
             Killed by nerve-wracking pain
             ... invoked by Menkaure
              (11 damage)
             ... on level 4 of the Dungeon.
             The game lasted 00:05:26 (3617 turns).

Jortsu the Chopper (Demonspawn Fighter)             Turns: 3617, Time: 00:05:27

Health: 0/48       AC: 17    Str: 18    XL:     6   Next: 98%
Magic:  6/6        EV: 11    Int: 10    God:    Xom [....*.]
Gold:   120        SH:  4    Dex: 12    Spells: 5/5 levels left

rFire   . . .      SeeInvis .   a - +0 war axe
rCold   . . .      Faith    .   c - +0 buckler
rNeg    . . .      Spirit   .   i - +0 chain mail
rPois   .          Reflect  .   (no helmet)
rElec   .          Harm     .   (no cloak)
rCorr   .          Rampage  .   h - +1 pair of gloves
Will    .....                   (no boots)
Stlth   ..........              (no amulet)
HPRegen 0.16/turn               d - +4 ring of evasion
MPRegen 0.10/turn               (no ring)

@: sanguine armoured
A: foul stench 1, sanguine armour 1
a: Renounce Religion


You were on level 4 of the Dungeon.
You worshipped Xom.
You were a beloved toy of Xom.
You visited 1 branch of the dungeon, and saw 4 of its levels.

You collected 120 gold pieces.

Inventory:

Hand Weapons
 a - a +0 war axe (weapon)
Armour
 c - a +0 buckler (worn)
 h - a +1 pair of gloves (worn)
 i - a +0 chain mail (worn)
Jewellery
 d - a +4 ring of evasion (left hand)
Wands
 e - a wand of flame (24)
 m - a wand of paralysis (17)
Scrolls
 f - a scroll of noise
Potions
 b - a potion of invisibility {unknown}
 g - 2 potions of curing
 j - 2 potions of brilliance
 k - a potion of magic
 l - a potion of haste
 n - a potion of flight {unknown}


   Skills:
 + Level 4.0 Fighting
 + Level 5.0 Axes
 + Level 4.0 Armour
 + Level 1.0 Dodging
 + Level 0.3 Stealth
 + Level 3.3 Shields


You had 5 spell levels left.
You didn't know any spells.
Your spell library contained the following spells:

 Spells                   Type           Power      Damage    Failure   Level
 Beastly Appendage        Tmut           0%         N/A       99%         1
 Blink                    Tloc           0%         N/A       100%        2
 Wereblood                Tmut           0%         N/A       100%        2
 Call Canine Familiar     Summ           0%         N/A       100%        3
 Lesser Beckoning         Tloc           0%         N/A       100%        3
 Portal Projectile        Hex/Tloc       0%         N/A       100%        3
 Spider Form              Tmut/Pois      0%         N/A       100%        3
 Leda's Liquefaction      Hex/Erth       0%         N/A       100%        4
 Summon Ice Beast         Ice/Summ       0%         N/A       100%        4
 Manifold Assault         Tloc           0%         N/A       100%        5
 Monstrous Menagerie      Summ           0%         N/A       100%        7
 Spellforged Servitor     Conj/Summ      0%         N/A       100%        7


Dungeon Overview and Level Annotations

Branches:
Dungeon (4/15)
 Temple: D:4-7

Altars:
Makhleb
Xom

Shops:
D:1 =

Portals:
Abyss: D:3

Annotations:
D:3 2 transporters, Jortsu's ghost, amateur HODe
D:4 Menkaure


Innate Abilities, Weirdness & Mutations

You may rarely emit foul miasma when damaged in melee.
When seriously injured, your blood forms armour. (AC +6)


Message History

The quokka bites you but does no damage.
You hit the quokka.
You kill the quokka!
There is an open door here.
You see here a quokka corpse.
You closely miss the hobgoblin. The hobgoblin closely misses you.
The hobgoblin barely misses you.
You closely miss the hobgoblin. You block the hobgoblin's attack.
You hit the hobgoblin.
You kill the hobgoblin!
You now have 120 gold pieces (gained 2).
Found a leather armour.
A goblin comes into view. It is wielding a +0 dagger.
A goblin is nearby!
You see here a +0 leather armour.
Found a stone staircase leading up.
As you open the door, it creaks loudly!
There is an open door here.
You open the door.
There is an open door here.
Menkaure, Prince of Dust comes into view.
Menkaure shouts!
Menkaure rustles a few words.
Menkaure gestures wildly while chanting.
Menkaure seems to speed up.
Menkaure calls on the powers of darkness!
Your body is wracked with pain!
Your blood congeals into armour.
There is an open door here.
You hear a distant slurping noise.
Menkaure points at you and mumbles some strange words.
Pain shoots through your body!
There is an open door here.
You barely miss Menkaure. Menkaure closely misses you. Menkaure hits you!
* * * LOW HITPOINT WARNING * * *
You slash Menkaure!
Menkaure is heavily damaged.
Menkaure casts a spell at you. Pain shoots through your body!
You die...
Xom roars with laughter!

............M...
................
#................
#................
#................
#........####+##.
#........#.....# #
#........#.....# #
#.......M@.....# #
#........#.....+ #
#........#+##### #
####+##........ #
#.....#....<... #
#.....#........ #
#.....'........ #
#######........
########.........#####


You could see Menkaure (fast).

Vanquished Creatures
  Sigmund (D:3)
  A wyvern (D:3)
  An ice beast (D:3)
  5 adders
  A dart slug (D:3)
  9 ball pythons
  6 endoplasms
  3 giant cockroaches
  9 goblins
  11 hobgoblins
  4 quokkas
  5 bats
  7 frilled lizards
  9 kobolds
  A rat (D:3)
73 creatures vanquished.

Notes
Turn   | Place    | Note
-------+----------+-------------------------------------------
     0 | D:1      | Jortsu the Demonspawn Fighter began the quest for the Orb.
     0 | D:1      | Reached XP level 1. HP: 18/18 MP: 1/1
   277 | D:1      | Reached skill level 2 in Axes
   290 | D:1      | Gained mutation: When seriously injured, your blood forms
                  | armour. (AC +6) [demonic ancestry]
   290 | D:1      | Reached XP level 2. HP: 18/24 MP: 2/2
   432 | D:1      | Found a faded altar of an unknown god.
   483 | D:1      | Prayed at the altar of an unknown god.
   483 | D:1      | Became a worshipper of Xom of Chaos
   499 | D:1      | Found Qoucuv's One-of-a-Kind Rings.
   500 | D:1      | XOM: silly message
   804 | D:1      | XOM: 1-stop teleportation journey
   853 | D:1      | XOM: scenery: create altars
  1068 | D:1      | Reached XP level 3. HP: 29/29 MP: 3/3
  1756 | D:2      | XOM: torment (11/29 hp)
  1928 | D:2      | XOM: 2-stop teleportation journey
  2081 | D:2      | XOM: smoke on damage
  2081 | D:2      | XOM: torment (15/29 hp)
  2099 | D:2      | XOM: god gift: wand of paralysis (4)
  2273 | D:2      | Found a burning altar of Makhleb.
  2325 | D:2      | Reached XP level 4. HP: 35/35 MP: 4/4
  2666 | D:3      | Found a transporter.
  2673 | D:3      | Noticed an ancient zyme
  2681 | D:3      | Noticed Sigmund
  2683 | D:3      | XOM: chaos upgrade
  2684 | D:3      | Noticed an ice beast
  2692 | D:3      | Reached skill level 3 in Axes
  2696 | D:3      | Killed Sigmund
  2697 | D:3      | Reached skill level 4 in Axes
  2697 | D:3      | Reached XP level 5. HP: 40/42 MP: 5/5
  2701 | D:3      | Killed an ice beast
  2702 | D:3      | Gained mutation: You may rarely emit foul miasma when
                  | damaged in melee. [demonic ancestry]
  2702 | D:3      | Reached XP level 6. HP: 40/48 MP: 6/6
  2867 | D:3      | Noticed a wyvern
  2867 | D:3      | a worm changed into a wyvern
  2867 | D:3      | XOM: polymorph worm -> wyvern
  2868 | D:3      | Killed a wyvern
  2869 | D:3      | Reached skill level 1 in Dodging
  2990 | D:3      | XOM: swap monsters
  2997 | D:3      | Reached skill level 5 in Axes
  3220 | D:3      | Found a transporter.
  3221 | D:3      | Noticed Jortsu's ghost (amateur HODe)
  3236 | D:3      | Got the Collected Works on Companions
  3241 | D:3      | Found a one-way gate to the infinite horrors of the Abyss.
  3303 | D:3      | XOM: god gift: 10 stones
  3543 | D:4      | XOM: noise
  3603 | D:4      | Noticed Menkaure
  3617 | D:4      | Killed from afar by Menkaure

Illustrated notes

Levels and vault maps discovered:
D:1:      lemuel_arrival_tunnels, layout_basic, ebering_ecumenical_altar_rust,
          minivault_25, corexii_corridor_pit, minivault_23, minmay_fountain_box,
          nicolae_shop_unique_rings, minmay_quantized
D:2:      layout_loops_ring, basic_altar
D:3:      layout_loops_ring, gammafunk_ghost_abyssal_escape, uniq_sigmund
D:4:      cheibrodos_fertilizer, layout_gridville, grunt_qazlal_sundering,
          grunt_dithmenos_smoke, bloody_trog, minmay_temple_entry_nine_rooms,
          uniq_menkaure

Skill      XL: |  1  2  3  4  5  6 |
---------------+-------------------+-----
Axes           | 2 4 5 |  5.0
Armour         | 3 4 |  4.0
Shields        | 3 |  3.3
Fighting       | 4 |  4.0
Dodging        | 1 |  1.0
Stealth        | |  0.3

Action                   |  1- 3 |  4- 6 || total
-------------------------+-------+-------++-------
Melee: War axe           |   132 |    74 ||   206
  Use: Scroll            |     3 |     6 ||     9
       Potion            |       |     1 ||     1
 Stab: Confused          |       |     3 ||     3
Armor: Scale mail        |    55 |       ||    55
       Chain mail        |    61 |    35 ||    96
Dodge: Dodged            |    65 |    32 ||    97
Block: Buckler           |    39 |    14 ||    53

Table legend: (Time is in decaauts)
 A = Elapsed time spent in this place.
 B = Non-inter-level travel time spent in this place.
 C = Inter-level travel time spent in this place.
 D = Time resting spent in this place.
 E = Time spent auto-exploring this place.
 F = Levels seen in this place.
 G = Mean time per level.
                   A        B        C        D        E       F      G
               +--------+--------+--------+--------+--------+-----+--------+
         Total |   3691 |   3596 |     95 |    414 |   2497 |   4 |  922.8 |
       Dungeon |   3691 |   3596 |     95 |    414 |   2497 |   4 |  922.8 |
               +--------+--------+--------+--------+--------+-----+--------+

Top non-repeatable levels by time:
     D:1: 1474 daAuts
     D:2: 1237 daAuts
     D:3: 903 daAuts
     D:4: 75 daAuts
